 Seeded DCSS version 0.28.0-45-g0d030f2227 (webtiles) character file.

Game seed: 12438630275245706108 (custom seed)

51 zeratav the Insei (level 3, -2/24 HPs)
             Began as an Octopode Transmuter on Apr 19, 2022.
             Slain by Terence
             ... wielding a +2 vorpal hand axe
              (6 damage)
             ... on level 2 of the Dungeon.
             The game lasted 00:01:55 (1446 turns).

zeratav the Insei (Octopode Transmuter)             Turns: 1446, Time: 00:01:55

Health: -2/24      AC:  1    Str:  9    XL:     3   Next: 81%
Magic:  15/15      EV: 13    Int: 15    God:
Gold:   70         SH:  0    Dex: 14    Spells: 5/6 levels left

rFire   . . .      SeeInvis .     - Unarmed
rCold   . . .      Faith    .   (no shield)
rNeg    . . .      Spirit   .   (helmet currently unavailable)
rPois   .          Reflect  .   (no amulet)
rElec   .          Harm     .   a - ring of magical power
rCorr   .          Rampage  .   (no ring)
Will    .....                   (no ring)
Stlth   +++.......              (no ring)
HPRegen 0.08/turn               (no ring)
MPRegen 0.14/turn               (no ring)
                                (no ring)
                                (no ring)

@: appendages (expiring)
A: tentacle spike 3, almost no armour, amphibious, 8 rings, camouflage 1,
gelatinous body 1, (nimble swimmer 1), tentacles
a: End Transformation


You were on level 2 of the Dungeon.
One of your tentacles had grown a beastly spike.
You visited 1 branch of the dungeon, and saw 2 of its levels.

You collected 70 gold pieces.


Innate Abilities, Weirdness & Mutations

One of your tentacles has grown a beastly spike.
You cannot wear most types of armour.
You are amphibious.
You can wear up to eight rings at the same time.
Your skin changes colour to match your surroundings (Stealth+).
Your rubbery body absorbs attacks. (AC +1, EV +1)
((You are camouflaged when in or above water. (Stealth+)))
You have tentacles for arms and can constrict up to eight enemies at once.


   Skills:
 + Level 1.7 Fighting
 + Level 2.4 Dodging
 + Level 1.9 Stealth
 * Level 3.7 Unarmed Combat
 - Level 2.0 Spellcasting
 - Level 2.0 Transmutations


You had 5 spell levels left.
You knew the following spells:

 Your Spells              Type           Power      Damage    Failure   Level
a - Beastly Appendage     Tmut           14%        N/A       10%         1

Your spell library contained the following spells:

 Spells                   Type           Power      Damage    Failure   Level
 Wereblood                Tmut           7%         N/A       14%         2
 Spider Form              Tmut/Pois      4%         N/A       41%         3
 Ice Form                 Ice/Tmut       4%         N/A       82%         4
 Hailstorm                Conj/Ice       1%         3d3       91%         4
 Simulacrum               Ice/Necr       0%         N/A       100%        6

Inventory:

Jewellery
 a - a ring of magical power (left tentacle)
   (You found it on level 1 of the Dungeon)
Scrolls
 b - 3 scrolls of identify {unknown}
 c - a scroll of vulnerability {unknown}
 d - a scroll of blinking {unknown}
 e - a scroll of enchant armour {unknown}

Dungeon Overview and Level Annotations

Branches:
Dungeon (2/15)

Altars:

Shops:
D:1 =

Annotations:
D:2 Terence

....#....##.##.##.#
###########.##.##.#
....# #.##.##.#
###.# #.##...)#
..#.# #.#######
#.#.# #.#########
..#.# #.#.......#
.##.#
####.#.......#
....#
#........@@..#
#####
#.##.#.......#
....# ..
#.#.......# ###.###
#.#.......# ..#.#
#.#.......# #.#.#
#..##.##### ..#.#
##. #.# .##.# #.
#+# ....#


You could see Terence.


Message History

HP[+1]
You are too injured to fight recklessly!
You are too injured to fight recklessly!
Casting: Beastly Appendage (safe; 10% risk of failure)
Confirm with . or Enter, or press ? or * to list all spells.
One of your tentacles grows a vicious spike.
The quokka twitches its whiskers.
MP[-1]
You lost 1 mp, and now have 14/15 mp.
The quokka bites you. The quokka closely misses you.
HP[-2]
You take 2 damage, and now have 14/23 hp.
You tentacle-slap the quokka. Your grab misses the quokka.
Your tentacle spike misses the quokka.
The quokka closely misses you.
You tentacle-slap the quokka.
You kill the quokka!
You see here a quokka corpse.
Found a stone staircase leading down.
MP[+1]
Your mp is fully restored (15).
Your transformation is almost over.
Your tentacle spike disappears.
You open the door.
An adder comes into view.
HP[+9]
Your hp is fully restored (23).
One of your tentacles grows a vicious spike.
MP[-1]
You lost 1 mp, and now have 14/15 mp.
There is an open door here.
Your transformation is almost over.
The helpless adder fails to defend itself.
You bludgeon the adder! You grab the adder. You constrict the adder.
The adder closely misses you.
You tentacle-slap the adder.
You pierce the adder.
You kill the adder!
HP[+1]
You now have 24 max hp (+1).
Your hp is fully restored (24).
No target in view!
No target in view!
No target in view!
You see here an adder corpse.
Your tentacle spike disappears.
e - a scroll labelled GEBAOC QACK MP[+1]
Your mp is fully restored (15).
You see here a +0 chain mail.
Found a stone staircase leading down.
There is a stone staircase leading down here.
Found a glowing falchion.
There is a stone staircase leading down here.
You pick up a book of the Tundra and begin reading...
You add the spells Hailstorm and Simulacrum to your library.
You see here a +0 falchion of flaming {long}.
Terence the Incautious comes into view.
He is wielding a +2 vorpal hand axe and wearing a +2 chain mail of fire resistance.
Casting: Beastly Appendage (safe; 10% risk of failure)
Confirm with . or Enter, or press ? or * to list all spells.
One of your tentacles grows a vicious spike.
MP[-1]
You lost 1 mp, and now have 14/15 mp.
Your transformation is almost over.
Terence shouts!
You tentacle-slap Terence. You grab Terence.
You squeeze Terence, but do no damage.
You constrict Terence, but do no damage.
Terence barely misses you.
You tentacle-slap Terence but do no damage.
You pierce Terence, but do no damage.
You constrict Terence, but do no damage.
Terence barely misses you.
MP[+1]
Your mp is fully restored (15).
You tentacle-slap Terence but do no damage.
You pierce Terence.
Your squeeze misses Terence.
You constrict Terence, but do no damage.
Terence closely misses you.
You tentacle-slap Terence but do no damage.
You pierce Terence, but do no damage.
You constrict Terence, but do no damage.
Terence says, "How do you enjoy it?"
Terence hits you with a +2 vorpal hand axe.
HP[-7]
You take 7 damage, and now have 17/24 hp.
MASSIVE DAMAGE!! (PAUSE)
You are too injured to fight recklessly!
You are too injured to fight recklessly!
You tentacle-slap Terence but do no damage.
You squeeze Terence, but do no damage.
You constrict Terence, but do no damage.
Terence hits you with a +2 vorpal hand axe!
Ouch! That really hurt!
* * * LOW HITPOINT WARNING * * *
x2 HP[-13]
You take 13 damage, and now have 4/24 hp.
MASSIVE DAMAGE!! (PAUSE)
You tentacle-slap Terence but do no damage.
You squeeze Terence, but do no damage.
You constrict Terence, but do no damage.
Terence hits you with a +2 vorpal hand axe.
You die...

Skill      XL: |  1  2 |
---------------+-------+-----
Stealth        | 1 |  1.9
Fighting       | |  1.7
Dodging        | |  2.4
Unarmed Combat | |  3.7
Spellcasting   | |  2.0
Transmutations | |  2.0

Action                   || total
-------------------------++-------
Melee: Unarmed           ||    54
       Constrict         ||    17
       Tentacles         ||    14
       Kick              ||    15
       Punch             ||     1
 Cast: Beastly Appendage ||    19
 Stab: Sleeping          ||     8
Armor: Skin              ||     2
Dodge: Dodged            ||    38

Levels and vault maps discovered:
D:1:      minmay_arrival_split_and_join, layout_basic,
          hellmonk_ecumenical_altar_arch_garden, nicolae_shop_unique_rings
D:2:      layout_basic, serial_glass, glass_columns_b, glass_columns_c,
          serial_shops, nicolae_diamond_shop, patterned_corridor, uniq_terence,
          uniq_natasha

Notes
Turn   | Place    | Note
-------+----------+-------------------------------------------
     0 | D:1      | zeratav the Octopode Transmuter began the quest for the
                  | Orb.
     0 | D:1      | Reached XP level 1. HP: 13/13 MP: 3/3
     0 | D:1      | magus.rc [v1.9.6]
   437 | D:1      | Found Fetet's One-of-a-Kind Rings.
   461 | D:1      | Reached XP level 2. HP: 17/18 MP: 5/5
   576 | D:1      | Found a faded altar of an unknown god.
   603 | D:1      | Reached skill level 1 in Stealth
   980 | D:2      | Reached XP level 3. HP: 23/23 MP: 6/6
  1377 | D:2      | You pick up a book of the Tundra and begin reading...
  1377 | D:2      | You add the spells Hailstorm and Simulacrum to your
                  | library.
  1434 | D:2      | Noticed Terence
  1445 | D:2      | HP: 5/24 [Terence/+2 vorpal hand axe (12)]
  1446 | D:2      | Slain by Terence

Vanquished Creatures
  3 adders (D:2)
  4 bats
  4 endoplasms
  2 goblins (D:1)
  A hobgoblin (D:1)
  3 quokkas
  3 ball pythons (D:1)
  A kobold (D:1)
  2 rats (D:1)
23 creatures vanquished.

Table legend:
 A = Non-vault XP
 B = Vault XP
 C = Vault XP percentage of total XP
 D = Non-vault monster count
 E = Vault monster count
 F = Vault count percentage of total count
                 A         B        C        D         E       F
            +---------+---------+-------+---------+---------+-------
      Total |      73 |       0 |   0.0 |      23 |       0 |   0.0
            +---------+---------+-------+---------+---------+-------
        D:1 |      27 |       0 |   0.0 |      16 |       0 |   0.0
        D:2 |      46 |       0 |   0.0 |       7 |       0 |   0.0
            +---------+---------+-------+---------+---------+-------

Illustrated notes

Table legend:
 A = Kills in this place as a percentage of kills in entire the game.
 B = Kills by you in this place as a percentage of kills by you in the entire game.
 C = Kills by friends in this place as a percentage of kills by friends in the entire game.
 D = Other kills in this place as a percentage of other kills in the entire game.
 E = Experience gained in this place as a percentage of experience gained in the entire game.
 F = Experience gained in this place divided by the number of levels of this place that you have seen.
                   A       B       C       D       E      F
               +-------+-------+-------+-------+-------+----------------------
         Total | 100.0 | 100.0 |   N/A |   N/A | 100.0 |  36.5
       Dungeon | 100.0 | 100.0 |   N/A |   N/A | 100.0 |  36.5
               +-------+-------+-------+-------+-------+----------------------

Table legend: (Time is in decaauts)
 A = Elapsed time spent in this place.
 B = Non-inter-level travel time spent in this place.
 C = Inter-level travel time spent in this place.
 D = Time resting spent in this place.
 E = Time spent auto-exploring this place.
 F = Levels seen in this place.
 G = Mean time per level.
                   A        B        C        D        E       F      G
               +--------+--------+--------+--------+--------+-----+--------+
         Total |   1441 |   1413 |     28 |     11 |   1229 |   2 |  720.5 |
       Dungeon |   1441 |   1413 |     28 |     11 |   1229 |   2 |  720.5 |
               +--------+--------+--------+--------+--------+-----+--------+

Top non-repeatable levels by time:
     D:1: 965 daAuts
     D:2: 476 daAuts
